 Dungeon Crawl Stone Soup version 0.28.0-47-ge53b351184 (webtiles) character file.

Game seed: 3674326610645820462

11018 Allula97 the Nimble (level 11, -1/84 HPs)
             Began as a Demonspawn Monk on May 8, 2022.
             Was a High Priest of Okawaru.
             Slain by a warg (4 damage)
             ... on level 2 of the Orcish Mines on May 9, 2022.
             The game lasted 00:34:55 (15362 turns).

Allula97 the Nimble (Demonspawn Monk)              Turns: 15362, Time: 00:34:56

Health: -1/84      AC: 20    Str: 16    XL:     11   Next: 43%
Magic:  0/15       EV: 22    Int: 14    God:    Okawaru [*****.]
Gold:   1259       SH:  4    Dex: 38    Spells: 10/10 levels left

rFire   . . .      SeeInvis .   b - +4 dagger "Udeluf" {vorpal, Will++ Dex+8}
rCold   . . .      Faith    +   (no shield)
rNeg    + . .      Spirit   +   H - +1 ring mail of the Ward {Int+3 Dex+4}
rPois   .          Reflect  .   (helmet restricted)
rElec   .          Harm     .   A - +2 cloak
rCorr   .          Rampage  .   (no gloves)
Will    ++...                   g - +1 pair of boots
Stlth   ++++++....              E - amulet of faith
HPRegen 0.24/turn               n - +6 ring of dexterity
MPRegen 0.28/turn               D - ring of positive energy

@: invisible (expiring)
A: antennae 1, icemail 2, magic shield, magic regeneration, magic link,
condensation shield, thin skeletal structure 1, strong 1
a: Renounce Religion, Heroism, Finesse, Duel


You were on level 2 of the Orcish Mines.
You worshipped Okawaru.
Okawaru was extremely pleased with you.
You visited 3 branches of the dungeon, and saw 13 of its levels.
You also visited: Bailey.

You collected 1371 gold pieces.
You spent 112 gold pieces at shops.

Inventory:

Hand Weapons
 b - the +4 dagger "Udeluf" (weapon) {vorpal, Will++ Dex+8}
   (You found it on level 4 of the Dungeon)

   It inflicts extra damage upon your enemies.
   Dex:       It affects your dexterity (+8).
   Will:      It greatly increases your willpower.
 r - a +3 short sword of freezing
 u - a +4 short sword
 C - a +2 dagger of chaos
 G - a +7 quick blade
 I - a +3 scimitar of flaming
Missiles
 z - a throwing net (quivered)
Armour
 g - a +1 pair of boots (worn)
 A - a +2 cloak (worn)
 H - the +1 ring mail of the Ward (worn) {Int+3 Dex+4}
   (Okawaru gifted it to you on level 1 of the Orcish Mines)

   Int:       It affects your intelligence (+3).
   Dex:       It affects your dexterity (+4).
Jewellery
 k - a ring of protection from fire
 m - an amulet of the acrobat
 n - a +6 ring of dexterity (left hand)
 D - a ring of positive energy (right hand)
 E - an amulet of faith (around neck)
Wands
 a - a wand of flame (14)
 y - a wand of paralysis (8)
Scrolls
 j - a scroll of amnesia
 q - 3 scrolls of vulnerability
 s - a scroll of fog
 B - 6 scrolls of identify
 F - 2 scrolls of enchant armour
Potions
 d - 2 potions of lignification
 e - 3 potions of attraction
 f - 4 potions of magic
 l - a potion of cancellation
 p - 2 potions of brilliance
 t - 2 potions of resistance
 v - a potion of might
 w - 2 potions of mutation


   Skills:
 * Level 7.0 Fighting
 * Level 8.6 Short Blades
 * Level 5.0 Armour
 * Level 9.0 Dodging
 * Level 8.3 Stealth
 + Level 2.9 Shields
 * Level 5.7 Invocations
 + Level 0.7 Evocations


You had 10 spell levels left.
You didn't know any spells.
Your spell library contained the following spells:

 Spells                   Type           Power      Damage    Failure   Level
 Apportation              Tloc           0%         N/A       45%         1
 Magic Dart               Conj           0%         1d3       45%         1
 Corpse Rot               Necr/Air       0%         N/A       61%         2
 Poisonous Vapours        Pois/Air       0%         N/A       61%         2
 Searing Ray              Conj           0%         2d4       61%         2
 Fulminant Prism          Conj/Hex       0%         3d6       99%         4
 Passage of Golubria      Tloc           0%         N/A       99%         4
 Petrify                  Tmut/Erth      0%         N/A       99%         4
 Iskenderun's Battlesphe  Conj           0%         2d6       100%        5
 Metabolic Englaciation   Hex/Ice        0%         N/A       100%        5
 Silence                  Hex/Air        0%         N/A       100%        5
 Iron Shot                Conj/Erth      0%         9d1       100%        6
 Statue Form              Tmut/Erth      0%         N/A       100%        6
 Lehudib's Crystal Spear  Conj/Erth      0%         10d2      100%        8
 Animate Skeleton         Necr           Unusable   N/A       N/A         1
 Summon Small Mammal      Summ           Unusable   N/A       N/A         1
 Spellforged Servitor     Conj/Summ      Unusable   N/A       N/A         7

Dungeon Overview and Level Annotations

Branches:
Dungeon (10/15)            Temple (1/1) D:4             Orc (2/2) D:10
    Elf (0/3) Orc:2        Bailey (visited)
   Lair: D:8-11

Altars:
Ashenzari
Cheibriados
Dithmenos
Elyvilon
Fedhas
Gozag
Hepliaklqana
Kikubaaqudgha
Makhleb
Nemelex Xobeh
Okawaru
Qazlal
Ru
Sif Muna
Trog
Uskayaw
Vehumet
Wu Jian
Xom
Yredelemnul
Zin
The Shining One
Beogh

Shops:
Orc:2 **

Portals:
Trove: D:10 (give 8 potions of haste)


Innate Abilities, Weirdness & Mutations

You have a pair of small antennae on your head.
A meltable icy envelope protects you from harm. (AC +8)
When hurt, damage is shared between your health and your magic reserves.
You regenerate magic rapidly.
When low on magic, you restore magic in place of health.
A meltable shield of frost defends you. (SH +4)
You have a somewhat thin skeletal structure. (Dex +2, Stealth+)
Your muscles are strong. (Str +2)


Message History

You skewer the orc wizard like a kebab!!!
You kill the orc wizard!
Okawaru accepts your kill.
The orc warrior throws a boomerang of dispersal.
The boomerang of dispersal misses you.
You strike the helpless orc priest from behind!
You stick the orc priest like a pincushion!!!
You kill the orc priest!
Okawaru accepts your kill.
Your surroundings suddenly seem different.
The orc priest shouts!
The orc priest shouts!
You hit the orc warrior.
The orc warrior is lightly wounded.
You closely miss the orc warrior.
The orc warrior is lightly wounded.
The orc priest casts a cantrip, but nothing happens.
You block the orc warrior's attack.
You catch the helpless orc warrior completely off-guard!
You stick the orc warrior like a pincushion!!!
You kill the orc warrior!
Okawaru accepts your kill. The warg closely misses you.
You block the warg's attack.
Things that are here:
a +0 short sword of speed; a +0 chain mail; an orc corpse You hear a shout!
The warg completely misses you. The orc priest closely misses you.
You barely miss the orc priest.
The orc priest is almost dead.
You flicker for a moment.
The orc priest completely misses you. The warg closely misses you.
You catch the helpless orc priest completely off-guard!
You spit the orc priest like a pig!!!
You kill the orc priest!
Okawaru accepts your kill. You block the warg's attack. The warg bites you!
You die...

...............##
#...............######
............o.....o..
...................##
.......#...)........#
....#####.).))......#
#.# ###..)..##.# #
##oh)..## ##.@)..##
#.#....#####
####.....#.##
#........# ##.#.....##
#..#.....#
#######...##.##
##..#.#≈...≈### 8.
###.....#∩...∩#


You could see a warg and 3 orc priests.

Vanquished Creatures
  Erica (Orc:1)
  A two-headed ogre (D:5)
  An orc knight (Orc:1)
  A deep elf pyromancer (D:9)
  A cyclops (D:9)
  Maurice (D:8)
  Psyche (D:8)
  2 guardian mummies (D:10)
  A troll (Orc:2)
  The ghost of Tali the Chopper, an amateur DsBe of Trog (D:5)
  2 vampires (D:9)
  A wyvern (D:9)
  3 yaks (D:10)
  2 steam dragons (D:9)
  A warg (Orc:1)
  A water moccasin (D:6)
  10 orc warriors
  A black bear (D:5)
  A sky beast (D:4)
  An ice beast (D:5)
  2 ogres
  5 centaurs
  A phantom (D:6)
  2 kobold brigands
  5 bullfrogs
  A scorpion (D:5)
  15 killer bees
  14 wights (D:7)
  2 howler monkeys (D:10)
  An electric eel (D:7)
  3 centaur zombies (D:10)
  3 jellies
  3 hounds
  A bullfrog skeleton (D:5)
  18 orc priests
  A centaur skeleton (D:7)
  4 iguanas
  15 orc wizards
  2 killer bee zombies (D:9)
  A hound skeleton (D:4)
  3 howler monkey zombies
  15 gnolls
  7 adders
  2 ufetubi
  An adder zombie (D:5)
  4 worms
  2 adder skeletons
  A dart slug (D:2)
  61 orcs
  2 bats
  5 endoplasms
  3 giant cockroaches
  11 goblins
  8 hobgoblins
  4 jackals (D:1)
  2 quokkas (D:4)
  16 ball pythons
  A frilled lizard (D:3)
  11 kobolds
  A quokka skeleton (D:4)
  3 rats
296 creatures vanquished.

Vanquished Creatures (others)
  An orc (D:8)
1 creature vanquished.

Grand Total: 297 creatures vanquished

Notes
Turn   | Place    | Note
-------+----------+-------------------------------------------
     0 | D:1      | Allula97 the Demonspawn Monk began the quest for the Orb.
     0 | D:1      | Reached XP level 1. HP: 18/18 MP: 1/1
   262 | D:1      | Gained mutation: A meltable shield of frost defends you.
                  | (SH +4) [demonic ancestry]
   262 | D:1      | Reached XP level 2. HP: 14/24 MP: 2/2
   451 | D:1      | Reached skill level 3 in Dodging
   706 | D:1      | Gained mutation: A meltable icy envelope protects you from
                  | harm. (AC +8) [demonic ancestry]
   706 | D:1      | Reached XP level 3. HP: 24/29 MP: 3/3
  1117 | D:2      | Identified the +1 robe of Jixo {rPois rF+ Str-3}
  1359 | D:2      | Reached skill level 1 in Armour
  1359 | D:2      | Gained mutation: You regenerate magic rapidly. [demonic
                  | ancestry]
  1359 | D:2      | Reached XP level 4. HP: 11/35 MP: 4/4
  2390 | D:3      | Found a shimmering altar of Xom.
  2443 | D:3      | Reached XP level 5. HP: 41/41 MP: 5/5
  3447 | D:5      | Entered Level 5 of the Dungeon
  3449 | D:5      | Noticed a black bear
  3456 | D:5      | Noticed Tali's ghost (amateur DsBe)
  3729 | D:4      | HP: 2/42 [something/magic dart (5)]
  3742 | D:4      | Gained mutation: When hurt, damage is shared between your
                  | health and your magic reserves. [demonic ancestry]
  3742 | D:4      | Reached XP level 6. HP: 7/48 MP: 6/6
  3748 | D:4      | Identified the +4 dagger "Udeluf" {vorpal, Will++ Dex+8}
  3979 | D:4      | Noticed a sky beast
  3999 | D:4      | Killed a sky beast
  4000 | D:4      | Reached skill level 4 in Dodging
  4316 | D:4      | Found a staircase to the Ecumenical Temple.
  4322 | Temple   | Entered the Ecumenical Temple
  4625 | Temple   | Became a worshipper of Warmaster Okawaru
  4625 | Temple   | Reached * piety under Okawaru
  4625 | Temple   | Reached ** piety under Okawaru
  5196 | D:5      | Found a transporter.
  5200 | D:5      | Found a transporter.
  5441 | D:5      | Reached skill level 1 in Shields
  5441 | D:5      | Gained mutation: A meltable icy envelope protects you from
                  | harm. (AC +8) [demonic ancestry]
  5441 | D:5      | Reached XP level 7. HP: 46/54 MP: 5/7
  5577 | D:5      | Noticed a two-headed ogre
  6169 | D:5      | Killed Tali's ghost
  6170 | D:5      | Reached skill level 5 in Short Blades
  6531 | D:5      | Reached skill level 5 in Dodging
  6554 | D:5      | Gained mutation: When low on magic, you restore magic in
                  | place of health. [demonic ancestry]
  6554 | D:5      | Reached XP level 8. HP: 61/61 MP: 8/8
  6631 | D:5      | Killed a two-headed ogre
  6631 | D:5      | Reached *** piety under Okawaru
  6632 | D:5      | Reached skill level 5 in Fighting
  6632 | D:5      | Reached skill level 5 in Stealth
  7014 | D:6      | Reached **** piety under Okawaru
  7213 | D:6      | Reached skill level 6 in Dodging
  7408 | D:6      | Gained mutation: You have a pair of small antennae on your
                  | head. [demonic ancestry]
  7408 | D:6      | Reached XP level 9. HP: 68/68 MP: 9/9
  7486 | D:6      | Reached skill level 1 in Invocations
  9208 | D:7      | HP: 3/68 [electric eel/bolt of electricity (7)]
  9747 | D:8      | Noticed Maurice
  9747 | D:8      | Noticed Psyche
  9843 | D:8      | Reached skill level 7 in Dodging
 10130 | D:8      | Found a flagged portal.
 10179 | Bailey   | Entered a bailey
 10505 | Bailey   | Gained mutation: Your muscles are strong. (Str +2) [potion
                  | of mutation]
 10505 | Bailey   | Gained mutation: You have a somewhat thin skeletal
                  | structure. (Dex +2, Stealth+) [potion of mutation]
 10552 | D:8      | Killed Maurice
 10552 | D:8      | Reached ***** piety under Okawaru
 10553 | D:8      | Reached XP level 10. HP: 73/76 MP: 12/12
 10912 | D:8      | Killed Psyche
 11545 | D:9      | Noticed a deep elf pyromancer
 11548 | D:9      | Noticed a cyclops
 11595 | D:9      | Killed a deep elf pyromancer
 11605 | D:9      | Killed a cyclops
 11714 | D:9      | Reached skill level 8 in Dodging
 12043 | D:9      | Received a gift from Okawaru
 12796 | D:10     | Entered Level 10 of the Dungeon
 13012 | D:10     | Reached skill level 5 in Invocations
 13012 | D:10     | Reached XP level 11. HP: 32/83 MP: 14/14
 13679 | D:10     | Found a staircase to the Orcish Mines.
 13748 | D:10     | Found a portal to a secret trove of treasure.
 14201 | Orc:1    | Entered Level 1 of the Orcish Mines
 14201 | Orc:1    | Noticed Erica
 14205 | Orc:1    | Noticed an orc knight
 14206 | Orc:1    | Killed Erica
 14206 | Orc:1    | Identified the +1 ring mail of the Ward {Int+3 Dex+4}
                  | (Okawaru gifted it to you on level 1 of the Orcish Mines)
 14206 | Orc:1    | Received a gift from Okawaru
 14325 | Orc:1    | Killed an orc knight
 14326 | Orc:1    | HP: 3/83 [orc warrior/+0 trident (4)]
 15031 | Orc:2    | Entered Level 2 of the Orcish Mines
 15071 | Orc:2    | Found a staircase to the Elven Halls.
 15199 | Orc:2    | Found a burning altar of Makhleb.
 15237 | Orc:2    | Found Palovy's Specific Store.
 15249 | Orc:2    | Found Hochassi's General Store.
 15257 | Orc:2    | Bought a scroll of enchant weapon for 112 gold pieces
 15318 | Orc:2    | Reached skill level 5 in Armour
 15318 | Orc:2    | Reached skill level 9 in Dodging
 15341 | Orc:2    | Noticed an orc high priest
 15344 | Orc:2    | HP: 3/84 [orc high priest/divine providence (8)]
 15349 | Orc:2    | Noticed a sun demon
 15362 | Orc:2    | Slain by a warg

Illustrated notes

Levels and vault maps discovered:
D:1:      lightli_arrival_statue_moat, layout_rooms, st_stairs_6,
          nicolae_grassy_gnolls
D:2:      layout_loops_ring, serial_bayou_lagoon_a
D:3:      layout_loops_cross, mainiacjoe_overflow_small_starburst,
          minmay_snake_closets
D:4:      minmay_inner_zag, layout_cave_pools,
          minmay_temple_entry_enclosed_plants, minmay_crystal_room
D:5:      minmay_razor_zed, layout_rooms, gammafunk_ghost_arena,
          cheibrodos_sewer_entry_bend, nicolae_figureground_sparkle
D:6:      layout_loops_corners, kennysheep_path_1
D:7:      layout_basic, nrook_pool_corridor
D:8:      layout_rooms, enter_bailey_8, amcnicky_mini_rare_corridor_liquid,
          minmay_door_square, minmay_misc_feat_enclosed, uniq_maurice,
          uniq_psyche
D:9:      layout_layer_cave, minmay_mirror_moons_of_madness
D:10:     layout_rooms, david_orc_5, nicolae_trove_entry_path_of_doom
Temple:   mainiacjoe_temple_starburst
Orc:1:    layout_diamond_mine, basic_altar, uniq_erica
Orc:2:    st_orc_mages, layout_caves, basic_altar, nicolae_specific_store,
          kennysheep_orc_sif_temple

Skill      XL: |  1  2  3  4  5  6  7  8  9 10 11 |
---------------+----------------------------------+-----
Dodging        | 3 4 5 6 7 8 9 |  9.0
Short Blades   | 3 4 5 6 7 8 |  8.6
Stealth        | 2 3 4 5 6 8 |  8.3
Armour         | 1 2 3 4 5 |  5.0
Fighting       | 4 5 6 7 |  7.0
Shields        | 1 2 |  2.9
Invocations    | 3 5 |  5.7
Evocations     | |  0.7

Action                   |  1- 3 |  4- 6 |  7- 9 | 10-12 || total
-------------------------+-------+-------+-------+-------++-------
Melee: Short sword       |   173 |   275 |       |       ||   448
       Punch             |     1 |     8 |    19 |    27 ||    55
       Dagger            |       |    73 |   543 |   760 ||  1376
Invok: Heroism           |       |       |     5 |    11 ||    16
       Finesse           |       |       |     1 |     2 ||     3
Evoke: Wand              |       |       |     6 |       ||     6
  Use: Scroll            |       |     9 |     6 |     3 ||    18
       Potion            |       |     3 |    12 |    11 ||    26
 Stab: Sleeping          |     1 |    12 |    20 |    10 ||    43
       Distracted        |       |     1 |     1 |     2 ||     4
       Invisible         |       |       |     2 |     4 ||     6
Armor: Ring mail         |    36 |       |       |    36 ||    72
       Robe              |    12 |    94 |   102 |   107 ||   315
Dodge: Dodged            |    93 |   219 |   382 |   590 ||  1284
Block: Other             |    23 |    46 |    72 |   104 ||   245
